Map: Moonlight Madness LE (Void)

Players

AcerBly (Bly)

  • Race: Zerg Zerg
  • League: Master

Dragon - Winner!

  • Race: Terran Terran
  • League: Master

Event: Lycan League Weekly August #1

VOD

Have the link to the VOD?

Description

Time

  • Played on: Aug. 3, 2015, 1:55 p.m.
  • Length: 13:11

All games in this series

Show
View Real Time Build Order
Export as new Build Order

AcerBly Zerg 

Build Orders: Hatch First, Roach Nydus 

Get SALT Encoding   

  12  0:02  Drone  
  13  0:12  Overlord  
  13  0:19  Drone  
  14  0:30  Drone x2  
  16  0:36  Drone  
  17  0:47  Drone  
  18  0:56  Hatchery  
  17  0:59  Drone  
  17  1:03  Extractor  
  17  1:14  Spawning Pool  
  17  1:16  Drone  
  17  1:19  Drone  
  18  1:29  Drone  
  19  1:39  Overlord  
  19  2:01  Queen  
  21  2:02  Zergling x4  
  21  2:04  Metabolic Boost  
  23  2:08  Zergling x2  
  23  2:10  Queen  
  26  2:15  Drone  
  26  2:20  Zergling x2  
  28  2:28  Drone  
  29  2:31  Drone  
  29  2:36  Queen  
  32  2:39  Overlord  
  32  2:49  Drone  
  32  2:51  Overlord  
  33  2:55  Drone x2  
  35  3:05  Lair  
  35  3:09  Drone  
  35  3:10  Drone x2  
  38  3:15  Drone x2  
  40  3:28  Drone x3  
  40  3:30  Extractor  
  40  3:33  Drone  
  43  3:34  Roach Warren  
  43  3:36  Drone  
  43  3:46  Drone x5, Extractor  
  47  3:50  Overlord  
  47  3:56  Drone x2  
  47  3:57  Drone  
  47  4:02  Drone x2  
  51  4:16  Glial Reconstitution  
  48  4:17  Overlord  
  48  4:20  Roach  
  48  4:21  Roach x4  
  58  4:25  Overlord  
  58  4:33  Drone x2, Extractor  
  58  4:34  Drone  
  58  4:35  Overlord  
  64  4:38  Roach x2  
  64  4:41  Spore Crawler  
  64  4:45  Roach  
  65  4:51  Roach x3  
  71  5:04  Nydus Network  
  71  5:06  Drone x3  
  73  5:12  Overlord  
  73  5:17  Roach x5  
  83  5:23  Burrow  
  83  5:24  Overlord  
  83  5:35  Tunneling Claws  
  83  5:44  Hatchery  
  80  5:51  Roach x5  
  80  5:57  Nydus Canal  
  90  5:58  Overseer  
  90  6:03  Overlord x2  
  90  6:09  Overlord  
  84  6:20  Drone x2  
  84  6:22  Overlord x2  
  84  6:34  Nydus Canal  
  84  6:36  Drone  
  84  6:37  Drone x5  
  90  6:45  Overlord  
  90  6:47  Overlord  
  90  6:53  Overlord  
  90  6:55  Overlord, Hydralisk Den  
  90  6:58  Overlord  
  90  6:59  Infestation Pit  
  88  7:04  Spore Crawler, Overlord  
  81  7:15  Overlord  
  81  7:16  Queen  
  83  7:28  Overlord, Roach x12  
  75  7:45  Drone  
  75  7:46  Drone x5  
  75  7:48  Hydralisk  
  75  7:49  Hydralisk x8  
  99  8:05  Hive  
  99  8:07  Drone x6  
  99  8:09  Roach x10  
  105  8:15  Muscular Augments  
  105  8:30  Hydralisk x3  
  113  8:46  Roach  
  113  8:47  Overlord  
  112  8:55  Overlord  
  108  8:59  Drone x5  
  108  9:00  Extractor x2  
  108  9:01  Overlord  
  112  9:08  Drone x2  
  114  9:12  Overlord  
  114  9:13  Overlord  
  113  9:20  Viper x2  
  117  9:32  Viper  
  117  9:37  Spore Crawler, Viper  
  122  9:45  Drone x2  
  122  9:46  Drone  
  125  10:03  Roach x4  
  129  10:13  Drone  
  129  10:14  Drone x2  
  130  10:20  Viper x2  
  135  10:44  Hydralisk x5  
  135  10:46  Overlord  
  135  10:48  Overlord  
  145  11:05  Infestor x4  
  121  11:31  Hydralisk x9  
  110  11:41  Roach x2  
  100  11:55  Extractor  
  90  12:02  Roach x6  
  92  12:17  Roach  
  92  12:18  Roach x2  
  79  12:31  Roach  
  79  12:41  Hatchery  
  61  12:46  Roach  
Show
View Real Time Build Order
Export as new Build Order

Dragon Terran - Winner!

Build Orders: Liberator Opening 

Get SALT Encoding   

  12  0:01  SCV  
  13  0:13  SCV  
  14  0:18  Supply Depot  
  14  0:25  SCV  
  15  0:39  SCV  
  16  0:42  Barracks  
  16  0:51  SCV  
  17  1:04  SCV  
  18  1:16  SCV  
  19  1:18  Command Center  
  19  1:31  Marine  
  20  1:33  Orbital Command  
  20  1:39  Refinery  
  20  1:42  Refinery  
  20  1:48  Marine  
  20  1:53  Supply Depot  
  21  1:58  SCV  
  22  2:06  Marine  
  23  2:15  SCV  
  24  2:20  Supply Depot  
  24  2:26  Factory  
  24  2:29  SCV  
  25  2:35  Orbital Command  
  25  2:39  Barracks Reactor  
  25  2:42  SCV  
  26  2:54  SCV  
  27  3:00  SCV  
  27  3:02  Supply Depot  
  28  3:06  SCV  
  28  3:08  Supply Depot  
  29  3:14  Starport  
  29  3:16  Refinery  
  29  3:22  Barracks Reactor, SCV x2  
  31  3:28  Hellion  
  31  3:29  Hellion  
  36  3:34  SCV  
  36  3:40  SCV  
  37  3:46  SCV  
  38  3:49  Liberator  
  38  3:50  Hellion x2  
  38  3:52  SCV  
  43  3:56  Armory  
  43  3:58  SCV  
  44  4:07  Liberator  
  44  4:09  SCV  
  46  4:13  SCV  
  46  4:21  SCV, Hellion x2  
  51  4:25  SCV  
  55  4:33  SCV  
  55  4:34  Liberator  
  55  4:37  SCV  
  57  4:42  Hellion x2  
  57  4:44  Barracks Tech Lab  
  61  4:45  SCV  
  61  4:47  Supply Depot  
  61  4:49  SCV, Refinery  
  61  4:51  Liberator  
  66  4:58  SCV  
  65  5:01  SCV  
  66  5:10  SCV  
  66  5:14  Marine x2  
  71  5:15  Siege Tank  
  71  5:18  Supply Depot  
  75  5:23  SCV x2  
  75  5:26  Liberator  
  77  5:31  Marine  
  78  5:35  Engineering Bay  
  78  5:36  Engineering Bay  
  78  5:37  Marine  
  78  5:38  SCV  
  78  5:42  Command Center  
  80  5:48  Supply Depot  
  83  5:51  Siege Tank  
  83  5:54  Marine  
  83  5:55  Marine  
  88  6:06  SCV x2  
  88  6:07  Terran Infantry Weapons Level 1, Terran Infantry Armor Level 1  
  88  6:11  Missile Turret  
  90  6:18  SCV  
  91  6:19  Supply Depot  
  91  6:21  Marine x2  
  91  6:24  Barracks  
  93  6:28  Medivac  
  93  6:31  Medivac  
  97  6:34  SCV x2  
  99  6:45  Marine  
  99  6:46  Marine  
  101  6:49  SCV  
  101  6:50  SCV  
  103  6:56  Orbital Command  
  103  6:58  Siege Tank, Barracks  
  106  7:01  SCV  
  106  7:02  SCV  
  106  7:03  Marine x2, Terran Vehicle Weapons Level 1  
  106  7:05  Medivac x2  
  114  7:11  Supply Depot  
  114  7:12  Supply Depot  
  114  7:14  Barracks Tech Lab  
  114  7:18  Barracks  
  114  7:22  SCV x2  
  116  7:24  Barracks  
  116  7:35  Marauder, Marine  
  116  7:36  Marine  
  120  7:39  Siege Tank  
  123  7:46  SCV x2  
  123  7:48  Medivac x2  
  129  7:53  Barracks Reactor, Supply Depot, Marine  
  129  7:54  Supply Depot x2, Marine  
  129  7:57  Marauder  
  133  8:07  Barracks Reactor  
  133  8:10  Barracks Tech Lab  
  133  8:11  Siege Tank, Marine  
  133  8:12  Marine  
  138  8:15  Terran Infantry Weapons Level 2  
  138  8:17  Supply Depot  
  138  8:18  Marine  
  139  8:20  Missile Turret  
  139  8:29  Marine  
  139  8:30  Marine x3  
  143  8:34  Marine  
  143  8:35  Marine  
  145  8:43  Siege Tank  
  145  8:47  Marine x2  
  145  8:48  Marine x2  
  152  8:50  Marine x2  
  152  8:53  Marine, Marauder  
  140  9:05  Marine x3  
  140  9:06  Marine  
  140  9:08  Marine x2  
  144  9:14  Medivac x2  
  148  9:17  Missile Turret  
  145  9:26  Marine x2  
  145  9:27  Missile Turret  
  147  9:34  Marine  
  147  9:35  Marauder, Marine x4  
  147  9:37  Combat Shields, Stimpack  
  154  9:38  Orbital Command  
  154  9:44  Marine x2  
  156  9:46  Supply Depot  
  156  9:47  Supply Depot  
  156  9:52  Marine x2  
  153  9:53  Marauder, Medivac, Marine  
  153  9:56  Marauder  
  162  10:00  Marine  
  162  10:02  Marine  
  163  10:14  SCV x3  
  163  10:15  Marauder  
  168  10:24  Marine x2  
  167  10:34  Marine x3  
  170  10:40  Missile Turret  
  170  10:41  Siege Tank  
  167  10:52  Marine x3  
  163  11:06  Marine x4  
  163  11:10  Marine  
  168  11:13  Siege Tank  
  160  11:20  Marine  
  160  11:25  Marauder, Marine  
  136  11:27  Marine x2  
  136  11:28  Marauder  
  136  11:31  Marine x2  
  127  11:38  Marine  
  124  11:40  Viking x2  
  124  11:42  Marine  
  124  11:45  Marine x2, Widow Mine  
  124  11:46  Marauder  
  134  11:49  Marine x3  
  134  11:56  Marine  
  134  12:00  Marine  
  136  12:01  Command Center  
  136  12:03  Marine x2  
  136  12:07  Marine x2  
  140  12:14  Siege Tank  
  140  12:20  Marine x2  
  140  12:21  Medivac x2, Marine x2  
  146  12:23  Marine  
  146  12:24  Marine  
  146  12:25  Marauder x2  
  147  12:38  Marine x3  
  147  12:39  Marine  
  147  12:41  Marine  
  147  12:42  Marine  
  148  12:46  Marauder, Marine  

Tags
 
Add a new tag
Caveats
  • Supply blocks, unpowered buildings, or Contaminate may cause inaccurate times.
  • Supply counts are checked every 10 seconds.